 Dungeon Crawl Stone Soup version 0.26-a0-812-g31a745ddcd (webtiles) character file.

Game seed: 2968578036282905755

35 kae the Insei (level 3, -1/20 HPs)
             Began as a Tengu Transmuter on Nov 18, 2020.
             Killed from afar by an orc wizard (9 damage)
             ... with a magic dart
             ... on level 1 of the Dungeon.
             The game lasted 00:00:54 (1389 turns).

kae the Insei (Tengu Transmuter)                    Turns: 1389, Time: 00:00:55

Health: -1/20      AC:  2    Str: 11    XL:     3   Next: 33%
Magic:  2/7        EV: 20    Int: 13    God:
Gold:   60         SH:  0    Dex: 19    Spells: 3/7 levels left

rFire    . . .     SeeInvis .     - Unarmed
rCold    . . .     Faith    .   (shield currently unavailable)
rNeg     . . .     Spirit   .   (armour currently unavailable)
rPois    x         Reflect  .   (helmet currently unavailable)
rElec    .         Harm     .   (cloak currently unavailable)
rCorr    .         Rampage  .   (gloves currently unavailable)
MR       .....                  (boots unavailable)
Stlth    ++........             (no amulet)
HPRegen  0.06/turn              (no ring)
MPRegen  0.10/turn              (no ring)

@: spider-form (expiring), slowed, very slow
A: tiny
a: End Transformation


You were on level 1 of the Dungeon.
You were a venomous arachnid creature.
You visited 1 branch of the dungeon, and saw 2 of its levels.

You collected 60 gold pieces.

Inventory:

Armour
 a - a +0 robe (melded)
 d - a +2 pair of gloves (melded)
 j - a scarf of resistance (melded)
Scrolls
 b - 2 scrolls of enchant armour {unknown}
 c - a scroll of identify {unknown}
 e - a scroll of remove curse {unknown}
 g - a scroll of teleportation {unknown}
 k - a scroll of amnesia {unknown}
Potions
 f - a potion of heal wounds {unknown}
 h - a potion of resistance {unknown}
 i - a potion of brilliance {unknown}


   Skills:
 - Level 1.0 Fighting
 - Level 2.1 Dodging
 + Level 3.5 Unarmed Combat
 * Level 2.6 Spellcasting
 * Level 2.2 Transmutations
 * Level 0.5 Poison Magic


You had 3 spell levels left.
You knew the following spells:

 Your Spells              Type           Power        Failure   Level
a - Beastly Appendage     Tmut           #.....       24%         1
b - Spider Form           Tmut/Pois      #.........   61%         3

Your spell library contained the following spells:

 Spells                   Type           Power        Failure   Level
 Wereblood                Tmut           #.......     32%         2
 Ice Form                 Ice/Tmut       #.......     94%         4
 Blade Hands              Tmut           #.........   99%         5


Dungeon Overview and Level Annotations

Branches:
Dungeon (2/15)

Altars:


Innate Abilities, Weirdness & Mutations

((You have a beak for a mouth.))
((You have claws for feet.))


Message History

You hit the orc wizard.
The orc wizard is moderately wounded.
The orc wizard hits you but does no damage.
The orc wizard hits you with a +0 dagger.
You hit the orc wizard but do no damage.
The orc wizard is lightly wounded.
The orc wizard closely misses you. The orc wizard casts a spell at you.
The magic dart hits you!
You hit the orc wizard but do no damage.
The orc wizard is lightly wounded.
The orc wizard closely misses you. The orc wizard casts a spell at you.
You resist with significant effort.
You hit the orc wizard.
The orc wizard is poisoned.
The orc wizard is moderately wounded.
The orc wizard barely misses you.
The orc wizard points at you and mumbles some strange words.
The magic dart hits you!
You die...

.....#≈...§.≈#....##.#
####.#≈≈.<.≈≈###..##÷#
#.#≈...§§§###..##.##
#.+§≈§≈≈≈.+.#...(..#
###§§≈.≈≈§#.#.###..#
####.####.....÷..#
#.##.# #.#.####.#
#....# #.#o# #.# #.####
#.#s# #.# #.#######.#.#
#.# #...........# #.#
#########.### #.# #.#
#.# ############ #.#
#.# ...........###.#
#.#
...............######.#
##########............#


You could see an orc wizard (fast, very poisoned).

Vanquished Creatures
  An ooze (D:1)
  An orc (D:2)
  3 bats (D:1)
  6 hobgoblins
  6 kobolds
  A quokka (D:2)
  5 goblins (D:1)
  3 rats (D:1)
26 creatures vanquished.

Notes
Turn   | Place    | Note
-------+----------+-------------------------------------------
     0 | D:1      | kae the Tengu Transmuter began the quest for the Orb.
     0 | D:1      | Reached XP level 1. HP: 12/12 MP: 4/4
    77 | D:1      | Reached XP level 2. HP: 4/16 MP: 4/6
   887 | D:1      | Reached XP level 3. HP: 20/20 MP: 7/7
   892 | D:1      | Learned a level 3 spell: Spider Form
  1389 | D:1      | Killed from afar by an orc wizard

Illustrated notes

Levels and vault maps discovered:
D:1:      ncdulo_lavacross, layout_loops_ring
D:2:      layout_basic, marbit_many_paths, st_stairs_9,
          kennysheep_generic_room_9

Skill      XL: |  1  2 |
---------------+-------+-----
Transmutations | 2 |  2.2
Fighting       | |  1.0
Dodging        | |  2.1
Unarmed Combat | |  3.5
Spellcasting   | |  2.6
Poison Magic   | |  0.5

Action                   || total
-------------------------++-------
Melee: Unarmed           ||    69
       Kick              ||    17
       Peck              ||    11
       Headbutt          ||     5
       Punch             ||     1
 Cast: Beastly Appendage ||    10
       Spider Form       ||     1
 Stab: Sleeping          ||     2
Armor: Robe              ||    22
       Skin              ||     1
Dodge: Dodged            ||    49

Table legend: (Time is in decaauts)
 A = Elapsed time spent in this place.
 B = Non-inter-level travel time spent in this place.
 C = Inter-level travel time spent in this place.
 D = Time resting spent in this place.
 E = Time spent auto-exploring this place.
 F = Levels seen in this place.
 G = Mean time per level.
                   A        B        C        D        E       F      G
               +--------+--------+--------+--------+--------+-----+--------+
         Total |   1391 |   1379 |     12 |    273 |    879 |   2 |  695.5 |
       Dungeon |   1391 |   1379 |     12 |    273 |    879 |   2 |  695.5 |
               +--------+--------+--------+--------+--------+-----+--------+

Top non-repeatable levels by time:
     D:1: 1352 daAuts
     D:2: 39 daAuts
